Map: Dusk Towers

Players

YogorōMōri (YoGo)

  • Race: Zerg Zerg
  • League: Grandmaster

Miszu - Winner!

  • Race: Terran Terran
  • League: Master

VOD

Have the link to the VOD?

Description

Time

  • Played on: May 10, 2016, 9:51 a.m.
  • Length: 36:37
Show
View Real Time Build Order
Export as new Build Order

YogorōMōri Zerg 

Build Orders: Hatch First 

Get SALT Encoding   

  12  0:00  Drone  
  13  0:12  Overlord  
  13  0:23  Drone  
  14  0:30  Drone  
  14  0:31  Drone  
  14  0:35  Drone  
  17  0:55  Hatchery  
  16  0:57  Drone  
  16  1:01  Drone  
  18  1:15  Spawning Pool  
  18  1:17  Extractor  
  16  1:19  Drone  
  17  1:26  Drone  
  18  1:34  Drone  
  18  1:39  Overlord  
  19  2:02  Queen  
  19  2:03  Zergling x4  
  19  2:06  Queen  
  19  2:07  Zergling x2  
  26  2:15  Drone  
  27  2:18  Metabolic Boost  
  27  2:20  Drone  
  28  2:23  Drone  
  28  2:29  Drone  
  30  2:39  Drone  
  30  2:40  Queen  
  31  2:45  Drone x2  
  33  2:51  Overlord  
  33  2:56  Drone  
  34  3:10  Drone  
  34  3:11  Hatchery  
  34  3:12  Drone  
  35  3:14  Drone  
  36  3:20  Drone  
  36  3:21  Drone  
  36  3:23  Drone  
  36  3:26  Drone x2  
  41  3:32  Drone  
  42  3:38  Baneling Nest  
  41  3:44  Drone  
  41  3:45  Drone x2, Evolution Chamber  
  43  3:53  Drone  
  43  3:54  Extractor, Drone  
  43  3:55  Overlord  
  44  4:11  Zerg Melee Weapons Level 1  
  44  4:13  Queen  
  44  4:14  Drone x3  
  44  4:16  Zergling x6  
  52  4:21  Overlord  
  52  4:28  Zergling x10  
  57  4:39  Spore Crawler x2  
  57  4:42  Zergling x2  
  57  4:43  Zergling x8  
  60  4:47  Baneling x5  
  60  4:53  Drone x2  
  60  4:54  Spore Crawler  
  61  5:04  Lair  
  61  5:06  Drone x4  
  65  5:07  Drone  
  66  5:19  Spore Crawler  
  65  5:26  Baneling x9  
  65  5:28  Zergling x2  
  64  5:40  Zergling x12  
  64  5:41  Zergling x2  
  66  5:46  Roach Warren  
  64  5:54  Zergling x2  
  64  5:55  Zergling x8  
  60  6:06  Drone x6  
  60  6:08  Spire, Drone x2  
  64  6:19  Extractor x2, Drone  
  64  6:20  Drone x3  
  66  6:27  Extractor  
  66  6:28  Extractor, Drone x2  
  66  6:31  Overlord x2  
  65  6:56  Drone x11  
  76  7:19  Zerg Missile Weapons Level 1, Glial Reconstitution  
  76  7:20  Overlord x4  
  76  7:28  Infestation Pit  
  75  7:31  Overlord  
  75  7:32  Overlord  
  75  7:33  Zerg Flyer Weapons Level 1  
  75  7:39  Corruptor  
  75  7:41  Corruptor  
  79  7:46  Corruptor  
  81  7:51  Corruptor  
  83  7:58  Drone x2  
  83  7:59  Hydralisk Den, Drone  
  85  8:06  Hive  
  85  8:08  Drone x2  
  85  8:09  Drone  
  88  8:22  Roach  
  88  8:23  Roach  
  88  8:26  Overlord  
  92  8:27  Pneumatized Carapace  
  92  8:33  Hatchery  
  91  8:34  Overlord x2  
  91  8:40  Infestor x3  
  97  8:51  Roach x4  
  97  8:52  Roach  
  97  8:53  Corruptor  
  109  8:56  Corruptor  
  109  9:01  Corruptor  
  112  9:05  Corruptor  
  113  9:13  Corruptor x2  
  112  9:22  Corruptor  
  112  9:28  Corruptor  
  114  9:34  Spore Crawler x3  
  114  9:35  Drone x3  
  114  9:36  Drone x6  
  120  9:41  Spore Crawler  
  120  9:43  Corruptor  
  120  9:45  Overseer  
  118  9:46  Overseer  
  118  9:51  Zerg Missile Weapons Level 2  
  118  9:58  Zerg Flyer Armor Level 1  
  118  10:01  Overlord  
  118  10:03  Corruptor  
  120  10:09  Spore Crawler  
  120  10:10  Spore Crawler  
  120  10:11  Spore Crawler  
  120  10:12  Corruptor  
  108  10:28  Corruptor x2  
  108  10:35  Drone x4  
  97  10:36  Drone x7  
  97  10:41  Roach  
  97  10:42  Roach  
  105  10:46  Drone x5  
  105  10:49  Drone  
  106  10:50  Drone x4  
  106  10:57  Drone  
  106  10:58  Extractor  
  106  10:59  Extractor  
  102  11:06  Roach x2  
  102  11:07  Drone x2  
  102  11:08  Drone  
  109  11:15  Spore Crawler  
  109  11:17  Viper x2  
  114  11:21  Infestor x2  
  118  11:26  Roach  
  118  11:27  Roach x2  
  124  11:36  Drone  
  124  11:37  Drone x2  
  123  11:43  Drone x5  
  113  11:52  Spine Crawler  
  113  11:53  Drone  
  113  11:54  Drone x6  
  114  11:56  Spine Crawler  
  114  11:57  Drone x2  
  114  12:08  Drone x5  
  119  12:15  Corruptor  
  121  12:23  Spore Crawler  
  121  12:24  Spore Crawler  
  121  12:25  Corruptor  
  121  12:29  Zerg Flyer Weapons Level 2  
  121  12:33  Corruptor  
  123  12:37  Drone x2  
  125  12:47  Corruptor x2  
  129  12:54  Spore Crawler, Spine Crawler  
  129  12:56  Overlord  
  129  12:57  Overlord  
  127  13:11  Overlord x3  
  127  13:14  Queen x2  
  127  13:16  Viper x2  
  137  13:24  Corruptor x2  
  141  13:57  Corruptor x7  
  141  13:58  Corruptor x2  
  141  14:00  Drone x2  
  158  14:09  Roach x3  
  164  14:25  Overlord x2  
  164  14:26  Overlord x2  
  164  14:38  Spore Crawler  
  163  14:44  Spore Crawler  
  162  14:48  Greater Spire, Spore Crawler x2  
  162  14:49  Corruptor, Spore Crawler  
  162  14:52  Corruptor  
  163  14:55  Infestor, Hatchery  
  163  14:57  Infestor, Spore Crawler  
  163  14:58  Spore Crawler x2  
  163  15:01  Burrow  
  163  15:09  Infestor x2  
  163  15:11  Corruptor  
  169  15:15  Roach x2  
  173  15:21  Spine Crawler  
  173  15:26  Corruptor x2  
  176  15:35  Corruptor x2  
  180  15:47  Corruptor x2  
  140  16:22  Roach x3  
  139  16:26  Drone x2  
  139  16:34  Roach x3  
  139  16:35  Roach x2  
  139  16:36  Drone  
  139  16:37  Drone x12  
  139  16:39  Corruptor  
  164  16:47  Infestor x3  
  164  16:59  Corruptor x4  
  166  17:05  Extractor  
  166  17:06  Drone x2  
  166  17:07  Drone x3  
  166  17:08  Extractor  
  169  17:18  Spine Crawler  
  169  17:20  Zerg Flyer Armor Level 2, Spore Crawler  
  169  17:22  Spore Crawler  
  166  17:28  Drone x4, Spine Crawler  
  166  17:29  Spine Crawler  
  168  17:33  Pathogen Glands  
  168  17:42  Corruptor x2  
  172  17:55  Corruptor x3  
  178  18:07  Corruptor  
  178  18:08  Corruptor  
  182  18:19  Infestor  
  180  18:45  Overlord x5  
  180  18:46  Spore Crawler  
  179  18:50  Spore Crawler  
  176  19:09  Brood Lord  
  177  19:11  Brood Lord  
  179  19:20  Hatchery  
  175  19:26  Corruptor x9  
  175  19:27  Corruptor  
  195  19:32  Extractor  
  195  19:36  Overlord, Brood Lord  
  195  19:37  Extractor  
  195  19:58  Drone x3  
  166  20:17  Viper x2  
  170  20:41  Spore Crawler  
  170  20:42  Spore Crawler  
  168  20:43  Spore Crawler, Brood Lord  
  168  20:44  Spine Crawler  
  168  20:45  Spine Crawler, Brood Lord  
  168  20:46  Spine Crawler, Brood Lord  
  168  20:47  Viper  
  168  20:49  Hatchery  
  172  21:04  Corruptor x3  
  178  21:18  Drone x2  
  178  21:19  Drone x8  
  178  21:21  Extractor  
  187  21:32  Corruptor x2  
  189  21:35  Infestor  
  189  21:39  Corruptor  
  191  21:41  Spore Crawler  
  191  21:43  Spore Crawler  
  191  21:48  Infestor  
  191  22:00  Corruptor x4  
  199  22:03  Zerg Flyer Weapons Level 3  
  199  22:38  Spore Crawler  
  199  22:40  Spore Crawler x2  
  196  22:54  Overseer x2  
  196  23:09  Overlord  
  196  23:27  Corruptor x2  
  198  24:10  Overlord x2  
  198  24:35  Extractor  
  197  24:39  Extractor  
  197  24:40  Infestor x6, Zerg Flyer Armor Level 3  
  126  25:14  Viper x3  
  116  25:16  Corruptor  
  116  25:17  Corruptor x22  
  171  25:30  Corruptor  
  171  25:31  Corruptor x2  
  176  25:45  Infestor  
  170  25:54  Corruptor x2  
  164  26:05  Corruptor  
  163  26:14  Spore Crawler x2  
  163  26:16  Corruptor  
  143  26:48  Corruptor x3  
  143  26:52  Spore Crawler  
  143  26:53  Spore Crawler  
  133  26:56  Corruptor  
  133  26:58  Zergling x20  
  133  26:59  Zergling x14  
  152  27:03  Corruptor  
  151  27:14  Corruptor  
  151  27:17  Spore Crawler  
  151  27:18  Spore Crawler  
  147  27:28  Spore Crawler  
  146  27:30  Corruptor  
  148  27:37  Corruptor  
  150  27:51  Corruptor  
  149  27:57  Corruptor  
  139  28:13  Corruptor  
  140  28:22  Corruptor  
  142  28:27  Spore Crawler  
  139  28:35  Hatchery  
  125  28:53  Drone x5  
  125  28:54  Drone x3, Hatchery  
  130  28:59  Viper  
  130  29:01  Drone x3  
  136  29:15  Extractor, Drone x7, Spore Crawler  
  136  29:16  Drone, Spore Crawler  
  141  29:18  Spore Crawler  
  141  29:19  Spore Crawler  
  141  29:22  Overseer  
  139  29:30  Corruptor  
  141  29:35  Corruptor  
  143  29:53  Drone x3  
  146  30:03  Viper  
  141  30:31  Viper  
  140  30:39  Hatchery  
  139  30:43  Corruptor  
  141  30:54  Corruptor  
  143  31:00  Corruptor  
  145  31:14  Corruptor  
  147  31:36  Viper  
  150  31:53  Corruptor x2  
  152  32:00  Corruptor  
  153  32:14  Viper  
  150  32:34  Corruptor, Infestor x2  
  152  32:38  Infestor x2  
  151  32:47  Corruptor  
  105  33:28  Infestor x2  
  105  33:31  Hatchery  
  104  33:38  Corruptor x2  
  104  33:39  Extractor  
  104  33:40  Extractor  
  100  34:34  Corruptor x2  
  97  35:32  Corruptor  
  97  35:34  Infestor  
Show
View Real Time Build Order
Export as new Build Order

Miszu Terran - Winner!

Build Orders: Hellion Banshee 

Get SALT Encoding   

  12  0:01  SCV  
  13  0:13  SCV  
  14  0:17  Supply Depot  
  14  0:25  SCV  
  15  0:39  SCV  
  15  0:41  Barracks  
  16  0:45  Refinery  
  16  0:51  SCV  
  17  1:03  SCV  
  18  1:15  SCV  
  19  1:32  Reaper, Orbital Command  
  20  1:44  Command Center  
  20  1:52  Supply Depot  
  20  1:57  SCV  
  21  2:04  Marine  
  21  2:05  Factory  
  22  2:10  SCV  
  23  2:18  Refinery  
  23  2:22  SCV  
  24  2:28  Barracks Reactor  
  24  2:34  SCV  
  25  2:46  SCV  
  25  2:52  Starport  
  25  2:58  SCV, Orbital Command  
  26  3:09  Hellion x2  
  26  3:11  SCV  
  26  3:12  Barracks Tech Lab  
  31  3:16  Supply Depot  
  31  3:23  SCV x2  
  33  3:30  Hellion x2  
  37  3:35  SCV x2  
  37  3:36  Banshee  
  42  3:45  Barracks Reactor  
  42  3:47  SCV  
  42  3:48  SCV  
  44  3:51  Hellion x2  
  48  3:58  Supply Depot  
  48  3:59  SCV  
  48  4:00  SCV  
  50  4:11  SCV  
  50  4:12  SCV  
  50  4:14  Command Center  
  52  4:21  Liberator x2  
  52  4:23  SCV  
  53  4:24  SCV  
  53  4:25  Armory  
  54  4:31  Refinery  
  54  4:32  Refinery  
  54  4:35  SCV  
  54  4:36  SCV  
  62  4:46  Supply Depot  
  62  4:50  Supply Depot  
  62  4:53  Supply Depot  
  62  5:07  SCV x2  
  62  5:08  Hellion x2  
  68  5:15  Liberator x2  
  68  5:17  Supply Depot  
  68  5:19  SCV x2  
  71  5:29  Hellion x2, Orbital Command  
  71  5:32  SCV  
  81  5:38  Starport  
  81  5:40  Starport  
  73  5:50  Hellion  
  73  5:51  SCV  
  73  5:52  SCV  
  73  5:54  SCV  
  80  6:02  Liberator  
  80  6:06  Hellion  
  80  6:10  SCV  
  81  6:13  SCV  
  81  6:14  SCV  
  83  6:19  Banshee  
  83  6:20  Starport Tech Lab  
  83  6:22  SCV  
  83  6:25  SCV  
  91  6:26  Barracks Reactor  
  91  6:36  Supply Depot  
  91  6:43  SCV  
  91  6:44  SCV  
  93  6:51  Starport x2  
  93  6:57  Banshee  
  93  6:59  Factory Reactor  
  96  7:02  Banshee  
  96  7:04  Fusion Core  
  99  7:10  Liberator  
  99  7:11  Terran Ship Weapons Level 1  
  99  7:12  Engineering Bay, SCV x2  
  101  7:17  Supply Depot, Refinery  
  101  7:21  Supply Depot, Refinery  
  101  7:22  Supply Depot  
  101  7:24  SCV, Orbital Command  
  105  7:30  Starport Tech Lab  
  105  7:31  Starport Tech Lab  
  105  7:38  SCV  
  105  7:43  Banshee  
  109  8:03  Hyperflight Rotors  
  109  8:08  Hellion x2  
  109  8:09  Liberator  
  109  8:10  Banshee  
  109  8:11  Liberator  
  109  8:12  Factory, SCV x3  
  119  8:15  Supply Depot  
  119  8:17  Supply Depot  
  116  8:21  Missile Turret  
  116  8:22  Supply Depot, Liberator  
  116  8:23  Missile Turret  
  116  8:24  SCV x3  
  116  8:25  Missile Turret  
  122  8:33  Liberator  
  125  8:36  SCV x3  
  125  8:41  Supply Depot, Hellion x2  
  135  8:43  Supply Depot  
  135  8:48  Command Center, SCV x2  
  135  8:49  SCV  
  135  8:52  Supply Depot  
  141  8:58  Factory Tech Lab  
  139  9:08  SCV  
  128  9:10  Liberator x2  
  128  9:12  SCV  
  128  9:14  SCV  
  128  9:15  Liberator  
  129  9:20  SCV  
  129  9:23  Infernal Pre-Igniter, Command Center  
  129  9:24  Hellion, SCV  
  129  9:26  Hellion x2, SCV  
  129  9:29  Liberator  
  146  9:39  Liberator  
  146  9:46  Supply Depot x3, Hellion  
  146  9:48  Hellion x2  
  155  9:53  Banshee  
  161  10:06  Advanced Ballistics  
  161  10:07  Hellion  
  161  10:09  Supply Depot  
  161  10:11  Supply Depot x2  
  163  10:18  Liberator  
  163  10:19  Liberator x2  
  120  10:40  Liberator  
  120  10:41  Liberator  
  122  10:44  Hellion x2  
  122  10:45  Hellion  
  122  10:48  Liberator  
  124  10:55  Refinery  
  120  10:58  Command Center  
  120  10:59  Refinery  
  126  11:04  Liberator x2  
  126  11:06  Hellion x3  
  137  11:27  Hellion x2  
  137  11:28  Banshee  
  137  11:29  Hellion  
  140  11:45  Liberator x2  
  140  11:48  Hellion  
  140  11:49  Hellion  
  140  11:51  Terran Ship Weapons Level 2  
  140  11:54  Armory  
  136  12:05  Hellion  
  136  12:08  SCV x3  
  145  12:09  Planetary Fortress  
  145  12:10  Hellion x2, Liberator  
  146  12:23  Liberator  
  146  12:26  Hellion  
  146  12:27  Liberator  
  151  12:31  Hellion x2  
  151  12:32  SCV  
  151  12:33  SCV x2  
  164  12:44  SCV  
  164  12:45  SCV  
  164  12:47  Hellion  
  164  12:48  Terran Vehicle And Ship Armor Level 1  
  164  12:49  Liberator  
  164  12:50  SCV  
  169  12:53  Hellion x2  
  169  12:56  Refinery  
  169  12:57  SCV  
  174  12:59  Missile Turret  
  174  13:00  Refinery  
  174  13:05  Liberator  
  174  13:06  Liberator x2  
  174  13:09  Hellion  
  179  13:23  Planetary Fortress  
  188  13:27  SCV x2  
  188  13:33  Banshee  
  193  13:44  Command Center  
  190  13:56  Viking x2  
  191  14:05  Viking x2  
  191  14:07  Starport  
  191  14:08  Starport  
  195  14:24  Sensor Tower  
  195  14:25  Missile Turret  
  195  14:29  Terran Ship Weapons Level 3  
  195  14:37  Viking x2, Command Center  
  199  14:51  Terran Vehicle And Ship Armor Level 2  
  199  14:53  Starport Tech Lab x2  
  199  15:01  Command Center  
  199  15:24  Planetary Fortress  
  199  15:27  Refinery  
  199  15:29  Missile Turret  
  199  15:33  Refinery  
  199  15:46  Liberator  
  199  15:47  Liberator x5  
  197  15:52  Viking x2  
  181  16:05  Liberator x2  
  149  16:24  Hellion  
  120  16:27  Hellion x2  
  120  16:29  Liberator  
  120  16:30  Liberator x5  
  123  16:48  Liberator x2  
  123  17:04  Orbital Command  
  129  17:11  Missile Turret x2  
  129  17:12  Missile Turret  
  129  17:14  Missile Turret  
  129  17:15  Hellion  
  131  17:18  Hellion x2  
  135  17:25  Orbital Command  
  135  17:29  Viking x2  
  137  17:30  Viking x4, Liberator  
  137  17:36  Hellion  
  149  17:37  Terran Vehicle And Ship Armor Level 3, Terran Vehicle Weapons Level 1  
  149  17:42  Liberator  
  149  17:44  Hellion  
  149  17:45  Hellion  
  149  17:48  Viking  
  158  17:52  Liberator  
  158  17:54  Liberator  
  158  17:57  Hellion, Liberator  
  160  17:59  Viking  
  160  18:03  Refinery  
  160  18:04  Refinery  
  165  18:06  Hellion x2  
  165  18:09  Missile Turret  
  165  18:10  Missile Turret  
  165  18:11  Missile Turret x2  
  175  18:13  Missile Turret  
  175  18:17  Missile Turret  
  178  18:22  Hellion  
  180  18:50  Liberator  
  180  18:52  Liberator  
  180  18:59  Viking x2  
  180  19:00  Viking x4  
  198  19:30  Planetary Fortress  
  198  19:43  Command Center  
  198  19:45  Command Center  
  198  19:46  Command Center x2  
  198  19:58  Liberator x6  
  198  19:59  Liberator x2  
  150  20:27  Hellion x3  
  148  20:41  Liberator x8  
  148  20:45  Terran Vehicle Weapons Level 2  
  148  20:48  Hellion  
  150  20:56  Hellion x2  
  178  21:09  Hellion  
  178  21:18  Hellion  
  180  21:23  Liberator  
  180  21:24  Liberator x6  
  177  21:41  Command Center, Orbital Command x3  
  199  22:42  Planetary Fortress  
  199  23:07  Viking x8  
  194  23:51  Banshee x2  
  200  24:05  Banshee  
  200  24:06  Banshee  
  198  24:11  Banshee  
  198  24:13  Banshee  
  198  24:46  Liberator x8  
  198  24:48  Missile Turret  
  195  24:55  Missile Turret  
  164  25:27  Command Center  
  164  25:28  Liberator  
  164  25:29  Liberator x7  
  164  25:34  Command Center  
  182  26:10  Cloaking Field  
  179  26:11  Liberator  
  179  26:12  Liberator x2  
  179  26:29  Banshee x4  
  174  26:48  Banshee  
  174  27:12  Viking x3, Banshee x2  
  174  27:13  Viking, Banshee  
  191  27:22  Hellion x2  
  197  27:23  Hellion  
  197  27:31  Viking, Building Armor  
  187  28:29  Viking x4  
  187  28:30  Viking x2  
  199  29:07  Orbital Command  
  199  29:10  Missile Turret  
  199  29:11  Hi-Sec Auto Tracking, Missile Turret  
  199  29:12  Missile Turret x2  
  196  29:17  Refinery  
  196  29:18  Refinery  
  196  29:42  Missile Turret x2  
  196  29:44  Planetary Fortress  
  191  30:58  Banshee  
  191  30:59  Banshee x3  
  191  31:00  Banshee  
  191  31:01  Banshee  
  193  31:08  Hellion  
  193  31:09  Starport x2, Hellion x2  
  193  31:10  Starport  
  199  31:11  Command Center  
  188  32:14  Hellion  
  188  32:15  Hellion x2  
  194  32:36  Hellion x3  
  200  32:57  Hellion, Liberator  
  200  32:58  Hellion, Liberator x7  
  169  33:19  Hellion  
  172  33:33  Hellion x2  
  167  33:40  Hellion, Liberator  
  167  33:41  Liberator x7  
  168  33:54  Hellion x2  
  170  34:02  Hellion, Command Center  
  182  34:04  Command Center  
  178  34:15  Hellion x2  
  182  34:23  Hellion, Liberator x2  
  184  34:37  Hellion x2  
  188  34:41  Viking x3  
  194  35:31  Hellion  
  194  35:32  Viking x2  
  194  35:33  Viking  
  197  35:43  Viking x2  
  199  36:01  Orbital Command x2  
Tags
 
Add a new tag
Caveats
  • Supply blocks, unpowered buildings, or Contaminate may cause inaccurate times.
  • Supply counts are checked every 10 seconds.